 Dungeon Crawl Stone Soup version 0.27-a0-1416-g941b2bd30b (webtiles) character file.

Game seed: 13211336151845483163

1604 wesbby the Grappler (level 8, -4/78 HPs)
             Began as a Troll Berserker on July 1, 2021.
             Was a High Priest of Trog.
             Slain by a two-headed ogre (6 damage)
             ... on level 6 of the Dungeon.
             The game lasted 00:07:18 (4200 turns).

wesbby the Grappler (Troll Berserker)               Turns: 4200, Time: 00:07:19

Health: -4/78      AC:  8    Str: 28    XL:     8   Next: 63%
Magic:  7/7        EV: 10    Int:  3    God:    Trog [*****.]
Gold:   432        SH:  5    Dex:  9    Spells: 7/7 levels left

rFire    . . .     SeeInvis .     - Unarmed
rCold    + . .     Faith    .   (no shield)
rNeg     . . .     Spirit   .   a - +0 animal skin
rPois    .         Reflect  +   (helmet restricted)
rElec    .         Harm     .   (no cloak)
rCorr    .         Rampage  .   (gloves unavailable)
Will     .....                  (boots unavailable)
Stlth    +.........             e - amulet of reflection
HPRegen  1.23/turn              h - +4 ring of protection
MPRegen  0.10/turn              c - ring of protection from cold

@: no status effects
A: large, unfitting armour, claws 3, regeneration 1, shaggy fur 1, tough skin 1
a: Renounce Religion, Berserk, Trog's Hand, Brothers in Arms


You were on level 6 of the Dungeon.
You worshipped Trog.
Trog was extremely pleased with you.
You visited 1 branch of the dungeon, and saw 6 of its levels.

You collected 432 gold pieces.

Inventory:

Missiles
 f - 2 curare-tipped darts (quivered)
Armour
 a - a +0 animal skin (worn)
Jewellery
 c - a ring of protection from cold (right claw)
 e - an amulet of reflection (around neck)
 h - a +4 ring of protection (left claw)
Scrolls
 b - 3 scrolls of immolation
 j - 2 scrolls of vulnerability
 m - a scroll of noise {unknown}
 n - 2 scrolls of fear
 o - 2 scrolls of identify
Potions
 d - 2 potions of attraction
 g - 2 potions of curing
 i - a potion of resistance
 k - a potion of heal wounds
 l - a potion of ambrosia


   Skills:
 + Level 3.9 Fighting
 + Level 4.6 Dodging
 - Level 0.5 Stealth
 + Level 2.0 Shields
 + Level 9.1 Unarmed Combat


You had 7 spell levels left.
You didn't know any spells.
Your spell library was empty.

Dungeon Overview and Level Annotations

Branches:
Dungeon (6/15)             Temple (0/1) D:5

Altars:
Cheibriados
Dithmenos
Gozag
Wu Jian


Innate Abilities, Weirdness & Mutations

You are too large for most types of armour.
You have claws for hands.
Your natural rate of healing is unusually fast.
You are covered in fur. (AC +1)
You have tough skin. (AC +1)


Message History

You hear a shout!
The yak barely misses you.
You mangle the yak!!
The yak is almost dead.
The yak closely misses you.
You claw the yak!
You kill the yak!
Trog accepts your kill.
You claw the yak! Your claw misses the yak.
The yak is moderately wounded.
The yak completely misses you.
You scratch the yak.
The yak is heavily wounded.
You block the yak's attack.
A two-headed ogre comes into view.
It is wielding two +0 giant spiked clubs.
You mangle the yak!!
The yak is almost dead.
You block the yak's attack.
You hear a shout!
You mangle the yak!!
You kill the yak!
Trog accepts your kill.
You claw the black bear!
The black bear is moderately wounded.
You claw the black bear!
You kill the black bear!
Trog accepts your kill.
Trog will now gift you melee weapons as you gain piety.
Your Shields skill increases to level 2!
Your Unarmed Combat skill increases to level 9!
The two-headed ogre hits you with a +0 giant spiked club!! x2
You see here a yak corpse.
You closely miss the two-headed ogre. You block the two-headed ogre's attack.
The two-headed ogre hits you with a +0 giant spiked club!
* * * LOW HITPOINT WARNING * * *
You closely miss the two-headed ogre.
The two-headed ogre hits you with a +0 giant spiked club!!
* * * LOW HITPOINT WARNING * * *
The two-headed ogre hits you with a +0 giant spiked club.
You die...

# ..P. #. ...♣
.. ...♣ .♣♣♣..P
...P. ... #O#
#@# #.# #.#
.######.#######
#..............
#######.#######
#.# #.#
#.########


You could see a two-headed ogre.

Vanquished Creatures
  3 yaks (D:6)
  A black bear (D:6)
  An ice beast (D:6)
  An ogre (D:6)
  3 kobold brigands (D:5)
  A scorpion (D:5)
  A gnoll shaman (D:5)
  2 hounds (D:4)
  2 orc priests
  4 iguanas (D:5)
  3 orc wizards
  Robin (D:3)
  9 gnolls (D:5)
  6 adders
  A white imp (D:4)
  A dart slug (D:5)
  12 orcs
  A bat (D:1)
  8 endoplasms
  6 giant cockroaches
  10 goblins
  9 hobgoblins
  7 jackals
  42 kobolds
  7 quokkas
  5 ball pythons
  5 frilled lizards
  5 rats
157 creatures vanquished.

Vanquished Creatures (others)
  48 plants (D:6)
48 creatures vanquished.

Grand Total: 205 creatures vanquished

Notes
Turn   | Place    | Note
-------+----------+-------------------------------------------
     0 | D:1      | wesbby the Troll Berserker began the quest for the Orb.
     0 | D:1      | Reached XP level 1. HP: 22/22 MP: 0/0
    24 | D:1      | Found a faded altar of an unknown god.
    56 | D:1      | Reached XP level 2. HP: 29/29 MP: 1/1
   256 | D:1      | Reached ** piety under Trog
   506 | D:2      | Reached XP level 3. HP: 36/36 MP: 2/2
  1201 | D:2      | Reached skill level 4 in Unarmed Combat
  1400 | D:3      | Reached XP level 4. HP: 45/45 MP: 3/3
  1937 | D:3      | Reached XP level 5. HP: 53/53 MP: 4/4
  1938 | D:3      | Noticed Robin
  1945 | D:3      | Killed Robin
  1992 | D:3      | Found a shadowy altar of Dithmenos.
  1992 | D:3      | Found an opulent altar of Gozag.
  2044 | D:3      | Reached *** piety under Trog
  2378 | D:4      | Reached skill level 5 in Unarmed Combat
  2562 | D:4      | Reached XP level 6. HP: 61/61 MP: 5/5
  2734 | D:5      | Entered Level 5 of the Dungeon
  2882 | D:5      | Reached skill level 6 in Unarmed Combat
  2886 | D:5      | Found a staircase to the Ecumenical Temple.
  3112 | D:6      | Reached XP level 7. HP: 31/67 MP: 6/6
  3459 | D:5      | Reached **** piety under Trog
  3493 | D:5      | Reached skill level 7 in Unarmed Combat
  3783 | D:5      | Found a large runed translucent door.
  3784 | D:5      | Found a large runed translucent door.
  4054 | D:5      | Found an ornate altar of the Wu Jian Council.
  4065 | D:5      | Found a snail-covered altar of Cheibriados.
  4135 | D:6      | Reached skill level 1 in Shields
  4135 | D:6      | Reached XP level 8. HP: 73/78 MP: 7/7
  4187 | D:6      | Reached skill level 8 in Unarmed Combat
  4193 | D:6      | Noticed a two-headed ogre
  4197 | D:6      | Reached ***** piety under Trog
  4198 | D:6      | Reached skill level 9 in Unarmed Combat
  4200 | D:6      | HP: 2/78 [two-headed ogre (21)]
  4200 | D:6      | Slain by a two-headed ogre

Illustrated notes

Levels and vault maps discovered:
D:1:      tarquinn_simple_flora_water_e, layout_rooms,
          hellmonk_ecumenical_altar_crossroads
D:2:      layout_basic
D:3:      layout_loops_ring, gammafunk_temple_overflow_elements,
          gup_sewer_entry_pipe, minivault_23, minmay_crystal_water,
          minmay_misc_feat_room, uniq_robin
D:4:      layout_rooms
D:5:      minmay_goblin_kobold_castle, layout_rooms, jmf_multi_god_temple2,
          minmay_temple_entry_offerings
D:6:      kennysheep_six_static_rooms, layout_rooms, serial_shops,
          nicolae_shop_competitors_out_of_business, kennysheep_boxes

Skill      XL: |  1  2  3  4  5  6  7  8 |
---------------+-------------------------+-----
Unarmed Combat | 4 5 6 7 9 |  9.1
Fighting       | 3 |  3.9
Dodging        | 3 4 |  4.6
Shields        | 1 2 |  2.0
Stealth        | |  0.5

Action                   |  1- 3 |  4- 6 |  7- 9 || total
-------------------------+-------+-------+-------++-------
Melee: Unarmed           |    97 |   149 |   170 ||   416
       Punch             |     1 |     4 |     4 ||     9
  Use: Scroll            |     2 |    10 |     1 ||    13
 Stab: Sleeping          |     1 |       |       ||     1
Armor: Animal skin       |    39 |    54 |    51 ||   144
Dodge: Dodged            |    67 |    71 |    59 ||   197
Block: Other             |       |       |    30 ||    30

Table legend: (Time is in decaauts)
 A = Elapsed time spent in this place.
 B = Non-inter-level travel time spent in this place.
 C = Inter-level travel time spent in this place.
 D = Time resting spent in this place.
 E = Time spent auto-exploring this place.
 F = Levels seen in this place.
 G = Mean time per level.
                   A        B        C        D        E       F      G
               +--------+--------+--------+--------+--------+-----+--------+
         Total |   4177 |   3862 |    315 |      0 |   3032 |   6 |  696.2 |
       Dungeon |   4177 |   3862 |    315 |      0 |   3032 |   6 |  696.2 |
               +--------+--------+--------+--------+--------+-----+--------+

Top non-repeatable levels by time:
     D:5: 1278 daAuts
     D:2: 949 daAuts
     D:3: 945 daAuts
     D:4: 436 daAuts
     D:1: 401 daAuts
     D:6: 167 daAuts
